 Dungeon Sprint DCSS version 0.31-a0-1-g4198be8af4 (webtiles) character file.

Game seed: 2390930651659413653

14079 Pestilence the Warrior (level 11, -19/103 HPs)
             Began as a Demonspawn Berserker on May 3, 2023.
             Was the Champion of Trog.
             Demolished by an orc knight
             ... wielding a +3 glaive of protection
              (22 damage)
             ... in the Dungeon (Sprint IX: "|||||||||||||||||||||||||||||").
             The game lasted 00:04:53 (1836 turns).

Pestilence the Warrior (Demonspawn Berserker)       Turns: 1836, Time: 00:04:54

Health: -19/103    AC: 22    Str: 24    XL:     11   Next: 84%
Magic:  11/11      EV: 13    Int:  7    God:    Trog [******]
Gold:   1263       SH:  0    Dex: 13    Spells: 10/10 levels left

rFire   . . .        s - +3 triple sword "Ugygorgh" {flame, rElec Will+++ Int-5 SInv}
rCold   . . .        (shield currently unavailable)
rNeg    . . .        t - +0 plate armour
rPois   .            (no helmet)
rElec   +            (no cloak)
rCorr   .            a - +0 pair of gloves
SInv    +            r - +0 pair of boots
Will    +++++        (no amulet) Stlth
                     m - +3 ring of intelligence
HPRegen 1.37/turn    n - +3 ring of strength
MPRegen 0.12/turn

%: no teleportation
@: strong-willed, on berserk cooldown, regenerating, slowed, very slow
A: yellow scales 2, demonic guardian 1, foul stench 3, demonic touch 2, subdued
magic 1
a: Renounce Religion, Berserk, Trog's Hand, Brothers in Arms


You were in the Dungeon.
You worshipped Trog.
Trog was exalted by your worship.
You visited 1 branch You collected 1263 gold pieces.

Inventory:

Hand Weapons
 k - a +2 scimitar of flaming
 s - the +3 triple sword "Ugygorgh" (weapon) {flame, rElec Will+++ Int-5 SInv}
   (Trog gifted it to you in the Dungeon)

   Int:       It affects your intelligence (-5).
   rElec:     It insulates you from electricity.
   SInv:      It lets you see invisible.
   Will:      It greatly increases your willpower.
Armour
 a - a +0 pair of gloves (worn)
 r - a +0 pair of boots (worn)
 t - a +0 plate armour (worn)
Jewellery
 m - a +3 ring of intelligence (left hand)
 n - a +3 ring of strength (right hand)
Wands
 j - a wand of iceblast (10)
Scrolls
 p - 2 scrolls of identify
 q - 5 scrolls of fog
Potions
 c - 5 potions of curing
 d - 2 potions of heal wounds
 e - 2 potions of haste
 f - 4 potions of magic
 g - a potion of berserk rage
 i - a potion of invisibility
 l - a potion of mutation
 o - 2 potions of resistance


   Skills:
 + Level 15.5 Fighting
 + Level 14.3 Long Blades
 + Level 14.2 Armour
 + Level 14.2 Dodging


You had 10 spell levels left.
You didn't know any spells.
Your spell library was empty.

Dungeon Overview and Level Annotations

Branches:
Dungeon (1/1)

Altars:
Cheibriados
Dithmenos
Fedhas
Gozag
Hepliaklqana
Kikubaaqudgha
Makhleb
Nemelex Xobeh
Okawaru
Qazlal
Ru
Sif Muna
Trog
Uskayaw
Vehumet
Wu Jian
Xom
Yredelemnul
Jiyva
Lugonu

Shops:
D *


Innate Abilities, Weirdness & Mutations

You are mostly covered in yellow scales. (AC +3)
A weak demonic guardian rushes to your aid.
You frequently emit foul miasma when damaged in melee.
Your touch may inflict irresistible damage on your foes.
Your spells are a little easier to cast, but a little less powerful.


Message History

Your iron troll closely misses the orc knight.
Your iron troll claws the orc knight but does no damage.
The orc knight barely misses your iron troll.
Your iron troll barely misses the orc knight.
Your iron troll claws the orc knight.
Your iron troll claws the orc knight but does no damage.
The orc knight hits your iron troll with a +0 great mace!!
Your iron troll bites the orc knight!
Your iron troll barely misses the orc knight.
Your iron troll claws the orc knight!!
The orc knight dies!
Trog accepts your kill.
Your iron troll bites the orc knight!
Your iron troll claws the orc knight! x2
The orc knight hits your iron troll with a +3 glaive of protection!!!
Your iron troll dies!
Your iron troll's corpse disappears in a puff of smoke!
The orc knight shouts!
The orc knight misses you.
The orc knight hits you with a +3 glaive of protection!!!
* * * LOW HITPOINT WARNING * * *
A demonic guardian appears!
The orc knight hits you but does no damage.
Things that are here:
a +3 antimagic halberd; a +0 glaive; a +0 chain mail You swap places.
The orc knight hits you but does no damage.
Your white imp gestures at the orc knight.
The puff of frost hits the orc knight but does no damage.
Items here: )) [ ÷.
The orc knight hits your white imp with a +3 glaive of protection!!
Your white imp dies!
Your white imp disappears in a puff of smoke!
Items here: )) [[ ÷.
You feel much better. The orc knight barely misses you.
Your skin crawls.
You feel strong-willed.
The orc knight hits you from afar with a +3 glaive of protection!!
* * * LOW HITPOINT WARNING * * *
The orc knight hits you from afar with a +3 glaive of protection!!
You die...

..'________________________'.?)..
▓▓▓▓▓▓▓▓▓▓▓▓▓▓▓▓▓▓▓▓▓▓▓▓▓▓▓▓▓▓▓▓▓
.................................
▓▓▓▓▓▓▓▓▓▓▓▓▓▓▓▓▓▓▓▓▓▓▓▓▓▓▓▓▓▓▓▓▓
)[.....'††.......')†÷......†.)..†
▓▓▓▓▓▓▓▓▓▓▓▓▓▓▓▓▓▓▓▓▓▓▓▓▓▓▓▓▓▓▓▓▓
.)...............................
▓▓▓▓▓▓▓▓▓▓▓▓▓▓▓▓▓▓▓▓▓▓▓▓▓▓▓▓▓▓▓▓▓
.[)..))......)))@)o)))....)o$o$o∩
▓▓▓▓▓▓▓▓▓▓▓▓▓▓▓▓▓▓▓▓▓▓▓▓▓▓▓▓▓▓▓▓▓


You could see an orc knight (strong).

Vanquished Creatures
  A hydra (D)
  A centaur warrior (D)
  A tengu warrior (D)
  3 orc high priests (D)
  A skyshark (D)
  An orc knight (D)
  An ugly thing (D)
  An elephant (D)
  Joseph (D)
  4 cane toads (D)
  A rime drake (D)
  2 trolls (D)
  6 polar bears (D)
  A wraith (D)
  2 wyverns (D)
  A yak (D)
  A basilisk (D)
  A vampire mosquito (D)
  4 water moccasins (D)
  2 black bears (D)
  10 orc warriors (D)
  An ogre (D)
  2 bullfrogs (D)
  A wight (D)
  A howler monkey (D)
  2 orc priests (D)
  A sleepcap (D)
  2 orc wizards (D)
  An adder (D)
  A worm (D)
  9 orcs (D)
  A ball python (D)
  A bat (D)
  A frilled lizard (D)
  A kobold (D)
  A rat (D)
72 creatures vanquished.

Vanquished Creatures (collateral kills)
  A boulder beetle (D)
  3 orc knights (D)
  An orc sorcerer (D)
  A cane toad (D)
  A yak (D)
  An orc warrior (D)
8 creatures vanquished.

Grand Total: 80 creatures vanquished

Notes
Turn   | Place    | Note
-------+----------+-------------------------------------------
     0 | D        | Pestilence the Demonspawn Berserker began the quest for the
                  | Orb.
     0 | D        | Reached XP level 1. HP: 18/18 MP: 1/1
    12 | D        | Reached ** piety under Trog
    35 | D        | Noticed an ogre
    35 | D        | Noticed a sleepcap
    39 | D        | Killed an ogre
    40 | D        | Reached skill level 5 in Fighting
    40 | D        | Gained mutation: You are partially covered in yellow
                  | scales. (AC +2) [demonic ancestry]
    40 | D        | Reached XP level 2. HP: 27/27 MP: 2/2
    40 | D        | Gained mutation: You are mostly covered in yellow scales.
                  | (AC +3) [demonic ancestry]
    40 | D        | Reached XP level 3. HP: 33/33 MP: 3/3
    40 | D        | Gained mutation: A weak demonic guardian rushes to your
                  | aid. [demonic ancestry]
    40 | D        | Reached XP level 4. HP: 39/39 MP: 4/4
    41 | D        | Reached *** piety under Trog
    51 | D        | Reached skill level 5 in Long Blades
    98 | D        | Found a snail-covered altar of Cheibriados.
    98 | D        | Found a shadowy altar of Dithmenos.
    98 | D        | Found a blossoming altar of Fedhas.
    98 | D        | Found an opulent altar of Gozag.
    99 | D        | Found a hazy altar of Hepliaklqana.
   100 | D        | Found a viscous altar of Jiyva.
   101 | D        | Found an ancient bone altar of Kikubaaqudgha.
   102 | D        | Found a corrupted altar of Lugonu.
   103 | D        | Found a burning altar of Makhleb.
   104 | D        | Found a sparkling altar of Nemelex Xobeh.
   105 | D        | Found an iron altar of Okawaru.
   106 | D        | Found a stormy altar of Qazlal.
   107 | D        | Found a sacrificial altar of Ru.
   108 | D        | Found a shimmering blue altar of Sif Muna.
   109 | D        | Found a bloodstained altar of Trog.
   110 | D        | Found a hide-covered altar of Uskayaw.
   111 | D        | Found a radiant altar of Vehumet.
   112 | D        | Found an ornate altar of the Wu Jian Council.
   113 | D        | Found a shimmering altar of Xom.
   114 | D        | Found a basalt altar of Yredelemnul.
   165 | D        | Noticed a troll
   165 | D        | Noticed a wraith
   165 | D        | Noticed a yak
   165 | D        | Noticed a yak
   169 | D        | Reached skill level 6 in Fighting
   169 | D        | Reached skill level 5 in Armour
   169 | D        | Reached skill level 5 in Dodging
   169 | D        | Gained mutation: You may rarely emit foul miasma when
                  | damaged in melee. [demonic ancestry]
   169 | D        | Reached XP level 5. HP: 46/46 MP: 5/5
   170 | D        | Killed a troll
   170 | D        | Reached **** piety under Trog
   171 | D        | Reached skill level 7 in Fighting
   171 | D        | Reached XP level 6. HP: 55/55 MP: 6/6
   180 | D        | Killed a wraith
   181 | D        | Reached skill level 8 in Fighting
   181 | D        | Gained mutation: Your touch may inflict minor irresistible
                  | damage on your foes. [demonic ancestry]
   181 | D        | Reached XP level 7. HP: 62/62 MP: 7/7
   189 | D        | Killed a yak
   189 | D        | Reached ***** piety under Trog
   193 | D        | Killed a yak
   194 | D        | Reached skill level 9 in Fighting
   239 | D        | Noticed a tengu warrior
   239 | D        | Noticed a brown ugly thing
   239 | D        | Noticed a troll
   239 | D        | Noticed a centaur warrior
   239 | D        | Noticed an eight-headed hydra
   239 | D        | Noticed a vampire mosquito
   247 | D        | Killed a tengu warrior
   248 | D        | Reached skill level 10 in Fighting
   248 | D        | Reached XP level 8. HP: 72/72 MP: 8/8
   252 | D        | Killed a brown ugly thing
   256 | D        | Killed a troll
   257 | D        | Gained mutation: You sometimes emit foul miasma when
                  | damaged in melee. [demonic ancestry]
   257 | D        | Reached XP level 9. HP: 79/79 MP: 9/9
   262 | D        | Killed a centaur warrior
   263 | D        | Reached skill level 11 in Fighting
   263 | D        | Reached skill level 10 in Long Blades
   263 | D        | Reached skill level 10 in Armour
   263 | D        | Reached skill level 10 in Dodging
   414 | D        | Killed a five-headed hydra
   571 | D        | Noticed a cane toad
   571 | D        | Noticed a cane toad
   572 | D        | Noticed a skyshark
   580 | D        | Killed a cane toad
   581 | D        | Reached skill level 12 in Fighting
   584 | D        | Killed a cane toad
   584 | D        | Received a gift from Trog
   585 | D        | Gained mutation: You frequently emit foul miasma when
                  | damaged in melee. [demonic ancestry]
   585 | D        | Reached XP level 10. HP: 89/89 MP: 10/10
   793 | D        | Killed a skyshark
   797 | D        | Noticed a cane toad
   799 | D        | Reached ****** piety under Trog
   805 | D        | Killed a cane toad
   806 | D        | Reached skill level 13 in Fighting
   936 | D        | Noticed a cane toad
   936 | D        | Noticed an elephant
   936 | D        | Noticed a boulder beetle
   939 | D        | Killed a cane toad
   942 | D        | Killed an elephant
   942 | D        | Noticed a cane toad
   949 | D        | Killed a boulder beetle
   954 | D        | Received a gift from Trog
   975 | D        | Killed a cane toad
  1137 | D        | Identified the +3 triple sword "Ugygorgh" {flame, rElec
                  | Will+++ Int-5 SInv} (Trog gifted it to you in the Dungeon)
  1137 | D        | Received a gift from Trog
  1138 | D        | Gained mutation: Your touch may inflict irresistible damage
                  | on your foes. [demonic ancestry]
  1138 | D        | Reached XP level 11. HP: 99/99 MP: 11/11
  1147 | D        | Reached skill level 14 in Fighting
  1317 | D        | Noticed Joseph
  1326 | D        | Killed Joseph
  1375 | D        | Noticed an orc knight
  1376 | D        | Received a gift from Trog
  1377 | D        | Noticed an orc sorcerer
  1389 | D        | Killed an orc knight
  1399 | D        | HP: 1/101 [orc sorcerer/bolt of fire (30)]
  1407 | D        | Killed an orc sorcerer
  1407 | D        | Received a gift from Trog
  1430 | D        | Received a gift from Trog
  1568 | D        | Received a gift from Trog
  1792 | D        | Found Afrud's Assorted Antiques.
  1792 | D        | Noticed an orc high priest
  1792 | D        | Noticed an orc high priest
  1792 | D        | Noticed an orc high priest
  1792 | D        | Noticed an orc knight
  1792 | D        | Noticed an orc knight
  1797 | D        | Gained mutation: Your spells are a little easier to cast,
                  | but a little less powerful. [a neqoxec]
  1799 | D        | Killed an orc high priest
  1799 | D        | Noticed an orc knight
  1800 | D        | Reached skill level 15 in Fighting
  1805 | D        | Killed an orc high priest
  1818 | D        | Noticed an orc knight
  1819 | D        | Killed an orc high priest
  1824 | D        | Killed an orc knight
  1825 | D        | Killed an orc knight
  1825 | D        | Received a gift from Trog
  1828 | D        | Killed an orc knight
  1836 | D        | HP: 3/103 [orc knight/+3 glaive of protection (32)]
  1836 | D        | Demolished by an orc knight

Illustrated notes

Levels and vault maps discovered:
D:        linesprint [early_d, line_temple, items_1, d_10, items_2, lair_1,
          lair_end, items_3, orc_1, orc_end, items_4, d_15, swamp_1, shoals_1,
          snake_1, spider_1, d_20, vaults_1, items_5, swamp_end, shoals_end,
          snake_end, spider_end, vaults_end, d_27, items_6, zot_1, zot_end,
          crypt_end, forest_end, elf_end, slime_end, tomb_end, abyss_end,
          pan_hell_end]

Skill      XL: |  1  2  3  4  5  6  7  8  9 10 11 |
---------------+----------------------------------+-----
Armour         | 4 5 6 7 9 11 12 14 | 14.2
Dodging        | 4 5 6 7 8 9 11 12 14 | 14.2
Long Blades    | 4 5 6 7 9 11 12 14 | 14.3
Fighting       | 5 6 7 8 10 12 13 15 | 15.5

Action                     |  1- 3 |  4- 6 |  7- 9 | 10-12 || total
---------------------------+-------+-------+-------+-------++-------
  Melee: Falchion          |    17 |     9 |       |       ||    26
         Scimitar          |       |    14 |    49 |    75 ||   138
         Punch             |       |       |     3 |     1 ||     4
         Touch             |       |       |     8 |    20 ||    28
         Triple sword      |       |       |       |    95 ||    95
 Invoke: Berserk           |     1 |     1 |     3 |     5 ||    10
         Trog's Hand       |       |       |     3 |     3 ||     6
         Brothers in Arms  |       |       |       |     3 ||     3
    Use: Scroll            |       |       |     1 |     1 ||     2
         Potion            |       |       |       |     4 ||     4
 Armour: Animal skin       |     6 |     1 |       |       ||     7
         Ring mail         |       |     2 |    20 |    27 ||    49
         Plate armour      |       |       |       |    25 ||    25
  Dodge: Dodged            |    14 |     5 |    48 |   129 ||   196

Table legend: (Time is in decaauts)
 A = Elapsed time spent in this place.
 B = Non-inter-level travel time spent in this place.
 C = Inter-level travel time spent in this place.
 D = Time resting spent in this place.
 E = Time spent auto-exploring this place.
 F = Levels seen in this place.
 G = Mean time per level.
                   A        B        C        D        E       F      G
               +--------+--------+--------+--------+--------+-----+--------+
         Total |   1906 |   1906 |      0 |   1024 |    195 |   1 | 1906.0 |
       Dungeon |   1906 |   1906 |      0 |   1024 |    195 |   1 | 1906.0 |
               +--------+--------+--------+--------+--------+-----+--------+

Top non-repeatable levels by time:
       D: 1906 daAuts
